AoeStats
← fatelai1017

Scandinavia

510318952Analyzed
1v1 RM · 10h ago on Sep 30, 2026· 80m 29s· 2 players
Game mode
Random Map
Map size
Tiny (2 player)
Population
200
Speed
Normal
Resources
Standard
Victory
Conquest
Starting age
Dark Age
Ending age
Imperial Age
RankedLock teamsTeams togetherTeam positionsShared explorationLock speedFull tech treeHidden civsTurbo modeCheats
Victory
Defeat
🇧🇪 Georgians · Belgium
1224
+16
🇹🇼 Varangians · Taiwan
1219
-16
fatelai1017
7:57 Loom
10:34 Feudal Age
8:52 Loom
11:02 Double-Bit Axe
11:40 Fishing Lines
16:52 Gold Mining
19:12 Castle Age
18:22 Bloodlines
18:55 Scale Barding Armor
19:05 Horse Collar
21:19 Gillnets
23:14 Bow Saw
24:34 Stone Mining
24:45 Heavy Plow
29:23 Chain Barding Armor
29:13 Forging
31:33 Fletching
34:15 Imperial Age
33:24 Wheelbarrow
33:48 Iron Casting
34:16 Stone Shaft Mining
33:50 Vendel Legacy
34:21 Cavalier
35:51 Plate Barding Armor
41:35 Conscription
42:19 Bodkin Arrow
43:46 Blast Furnace
43:30 Devotion
44:25 Husbandry
46:55 Pikeman
47:35 Squires
48:43 Hand Cart
48:13 Halberdier
50:03 Scale Mail Armor
50:00 Bodkin Arrow
50:33 Ballistics
52:45 Elite Varangian Guard
55:44 Chain Mail Armor
56:30 Arson
56:30 Gambesons
57:42 Plate Mail Armor
64:52 Chemistry
75:46 Two-Man Saw
Heretic Prophet
4:12 Loom
6:44 Loom
12:03 Feudal Age
12:38 Double-Bit Axe
15:00 Wheelbarrow
15:05 Fishing Lines
18:56 Castle Age
18:27 Bloodlines
21:47 Scale Barding Armor
22:12 Bow Saw
23:40 Forging
26:41 Chain Barding Armor
31:15 Svan Towers
33:09 Fletching
33:56 Iron Casting
37:19 Imperial Age
35:32 Bodkin Arrow
38:01 Husbandry
37:58 Arrowslits
38:04 Guard Tower
38:51 Plate Barding Armor
38:04 Light Cavalry
40:26 Bracer
40:35 Cavalier
43:10 Hand Cart
42:56 Gillnets
45:06 Blast Furnace
45:12 Pikeman
47:44 Scale Mail Armor
48:07 Masonry
47:36 Halberdier
52:29 Squires
54:07 Hussar
56:06 Keep
56:32 Chemistry
56:06 Scale Mail Armor
56:59 Capped Ram
62:30 Architecture
66:43 Gold Mining
66:44 Stone Mining
69:07 Chain Mail Armor
69:38 Siege Ram
76:28 Arson
79:54 Horse Collar
Connection lost

Rejoining the realm…

Still unreachable

The connection could not be restored.

Session expired

The server has moved on; the page needs a fresh start.